 Dungeon Crawl Stone Soup version 0.28.0-53-g5a82cb258f (webtiles) character file.

Game seed: 6596966349543959644

266 GigaChad the Covered (level 6, -1/53 HPs)
             Began as a Minotaur Fighter on Aug 22, 2022.
             Was a Follower of Okawaru.
             Slain by Grinder (5 damage)
             ... on level 4 of the Dungeon.
             The game lasted 00:07:18 (2842 turns).

GigaChad the Covered (Minotaur Fighter)             Turns: 2842, Time: 00:07:18

Health: -1/53      AC: 13    Str: 28    XL:     6   Next: 0%
Magic:  5/5        EV:  8    Int:  5    God:    Okawaru [*.....]
Gold:   256        SH:  4    Dex: 10    Spells: 5/5 levels left

rFire   . . .      SeeInvis .   a - +1 long sword
rCold   . . .      Faith    .   c - +0 buckler
rNeg    . . .      Spirit   .   o - +0 chain mail
rPois   .          Reflect  .   (helmet restricted)
rElec   .          Harm     .   (no cloak)
rCorr   .          Rampage  .   (no gloves)
Will    .....                   (no boots)
Stlth   ..........              (no amulet)
HPRegen 0.17/turn               e - +6 ring of strength
MPRegen 0.09/turn               j - +4 ring of protection

@: no status effects
A: horns 2, retaliatory headbutt
a: Renounce Religion, Heroism


You were on level 4 of the Dungeon.
You worshipped Okawaru.
Okawaru was aware of your devotion.
You visited 1 branch of the dungeon, and saw 4 of its levels.

You collected 256 gold pieces.

Inventory:

Hand Weapons
 a - a +1 long sword (weapon)
 l - a +2 hand axe of freezing
Armour
 b - a +0 scale mail
 c - a +0 buckler (worn)
 m - a +3 ring mail of poison resistance
 o - a +0 chain mail (worn)
Jewellery
 e - a +6 ring of strength (left hand)
 j - a +4 ring of protection (right hand)
Scrolls
 g - a scroll of noise
 n - a scroll of fear
 q - 2 scrolls of holy word
 u - a scroll of silence {unknown}
Potions
 d - a potion of might
 h - 2 potions of attraction {unknown}
 i - a potion of haste {unknown}
 k - a potion of curing {unknown}
 p - a potion of brilliance {unknown}
 r - a potion of berserk rage {unknown}
 s - a potion of mutation {unknown}
 t - a potion of flight {unknown}


   Skills:
 + Level 4.5 Fighting
 + Level 5.0 Long Blades
 + Level 5.4 Armour
 + Level 0.8 Dodging
 + Level 0.2 Stealth
 + Level 4.4 Shields


You had 5 spell levels left.
You didn't know any spells.
Your spell library contained the following spells:

 Spells                   Type           Power      Damage    Failure   Level
 Static Discharge         Conj/Air       0%         N/A       99%         2
 Frozen Ramparts          Ice            0%         1d2       100%        3
 Portal Projectile        Hex/Tloc       0%         N/A       100%        3
 Dispel Undead            Necr           0%         3d6       100%        4
 Ice Form                 Ice/Tmut       0%         N/A       100%        4
 Sticky Flame             Conj/Fire      0%         2d3       100%        4
 Blade Hands              Tmut           0%         N/A       100%        5
 Excruciating Wounds      Necr           0%         N/A       100%        5
 Summon Ice Beast         Ice/Summ       Unusable   N/A       N/A         4

Dungeon Overview and Level Annotations

Branches:
Dungeon (4/15)             Temple (0/1) D:4

Altars:
Fedhas
Okawaru
Qazlal
Xom

Shops:
D:1 *

Annotations:
D:4 Grinder


Innate Abilities, Weirdness & Mutations

You have a pair of horns on your head.
You reflexively headbutt those who attack you in melee.


Message History

Grinder is heavily wounded.
Grinder hits you.
You completely miss Grinder.
Grinder is heavily wounded.
Grinder gestures at you.
You suddenly lose the ability to move!
Grinder hits you but does no damage. Grinder hits you but does no damage.
Grinder gestures at you. Pain shoots through your body!
* * * LOW HITPOINT WARNING * * *
Grinder gestures at you.
You barely resist. Grinder gestures at you. Pain shoots through your body!
* * * LOW HITPOINT WARNING * * *
Grinder gestures at you.
You shrug off the repeated paralysis!
Grinder gestures at you. You resist with significant effort.
You can move again.
Unknown command.
As you read the scroll of teleportation, it crumbles to dust.
You feel strangely unstable. Grinder closely misses you.
You see here an adder corpse.
Your surroundings seem slightly different.
Found 13 sling bullets.
Grinder gestures at you.
You suddenly lose the ability to move!
Grinder blinks! x2
Grinder hits you but does no damage.
You can move again.
Unknown command.
Found a staircase to the Ecumenical Temple.
Grinder hits you but does no damage.
A goblin comes into view. It is wielding a +0 dagger.
The goblin shouts!
Grinder hits you.
* * * LOW HITPOINT WARNING * * *
You writhe in agony.
You die...

#.... ######..
#.#.######.......
#.....##.........
##.....†.......>..
#......####.......
##.#....# #####.#.
#..#...## #.#.
##.#5....### #.##
#..@......... #..#
#...##[..##...
.#.. ....... #...#
... #.... g..(...
#...# ...##...
8.8.8.# #.#.#
....## .⌠.⌠..
#.... ##.###
8.>.8. ###...
##..... .⌠.⌠.. #..
...###.
##..........###


You could see Grinder and a goblin.

Vanquished Creatures
  Menkaure (D:4)
  Terence (D:2)
  5 adders
  2 worms
  A dart slug (D:2)
  5 orcs (D:3)
  6 endoplasms
  3 giant cockroaches
  7 goblins
  12 hobgoblins
  8 ball pythons
  4 bats
  4 frilled lizards
  3 kobolds (D:1)
  A rat (D:3)
63 creatures vanquished.

Notes
Turn   | Place    | Note
-------+----------+-------------------------------------------
     0 | D:1      | GigaChad the Minotaur Fighter began the quest for the Orb.
     0 | D:1      | Reached XP level 1. HP: 19/19 MP: 0/0
   179 | D:1      | Reached XP level 2. HP: 16/27 MP: 1/1
   319 | D:1      | Found Biniorutz's Assorted Antiques.
  1007 | D:2      | Noticed Terence
  1016 | D:2      | Killed Terence
  1017 | D:2      | Reached XP level 3. HP: 13/33 MP: 2/2
  1241 | D:2      | Reached XP level 4. HP: 40/40 MP: 3/3
  1605 | D:2      | Found a faded altar of an unknown god.
  1620 | D:2      | Prayed at the altar of an unknown god.
  1620 | D:2      | Became a worshipper of Warmaster Okawaru
  1620 | D:2      | Reached * piety under Okawaru
  2063 | D:3      | Found a stormy altar of Qazlal.
  2086 | D:3      | Found a shimmering altar of Xom.
  2681 | D:4      | Reached XP level 5. HP: 43/46 MP: 4/4
  2704 | D:4      | Found a blossoming altar of Fedhas.
  2714 | D:4      | Reached skill level 5 in Armour
  2721 | D:4      | Noticed Menkaure
  2728 | D:4      | Killed Menkaure
  2808 | D:4      | Noticed Grinder
  2810 | D:4      | Paralysed by Grinder for 3 turns
  2820 | D:4      | Reached skill level 5 in Long Blades
  2820 | D:4      | Reached XP level 6. HP: 27/53 MP: 5/5
  2824 | D:4      | Paralysed by Grinder for 7 turns
  2834 | D:4      | Paralysed by Grinder for 6 turns
  2840 | D:4      | Found a staircase to the Ecumenical Temple.
  2842 | D:4      | Slain by Grinder

Illustrated notes

Levels and vault maps discovered:
D:1:      nzn_arrival_settlement, layout_basic, serial_shops, shop
D:2:      layout_basic, hellmonk_ecumenical_altar_lost_god, uniq_terence
D:3:      layout_basic, grunt_qazlal_sundering, amcnicky_altar_gilded,
          minmay_close_crescents
D:4:      layout_rooms, lemuel_crystal_altar, zin_statuary,
          minmay_temple_entry_statues_fountains, uniq_menkaure, uniq_grinder

Skill      XL: |  1  2  3  4  5 |
---------------+----------------+-----
Shields        | 4 |  4.4
Armour         | 4 5 |  5.4
Long Blades    | 3 4 5 |  5.0
Fighting       | 4 |  4.5
Dodging        | |  0.8
Stealth        | |  0.2

Action                   |  1- 3 |  4- 6 || total
-------------------------+-------+-------++-------
Melee: Long sword        |    54 |    80 ||   134
       Headbutt          |     9 |    12 ||    21
  Use: Scroll            |     1 |     6 ||     7
Armor: Scale mail        |    25 |     5 ||    30
       Chain mail        |       |    38 ||    38
Dodge: Dodged            |    25 |    36 ||    61
Block: Buckler           |    19 |    15 ||    34
